 Dungeon Crawl Stone Soup version 0.27.1-4-g1640c2035a (webtiles) character file.

Game seed: 12206889038048330418

299742 toffzen the Warrior (level 20, -4/189 HPs)
             Began as a Minotaur Brigand on Oct 29, 2021.
             Was the Champion of Okawaru.
             Slain by a phantasmal warrior (14 damage)
             ... while paralysed by a vampire knight
             ... on level 1 of the Depths on Nov 4, 2021.
             The game lasted 02:19:34 (54008 turns).

toffzen the Warrior (Minotaur Brigand)             Turns: 54008, Time: 02:19:35

Health: -4/189     AC: 20    Str: 22 (23) XL:     20   Next: 49%
Magic:  29/29      EV:  2    Int:  8      God:    Okawaru [******]
Gold:   1847       SH:  0    Dex: 23 (24) Spells: 19/19 levels left

rFire    + + .     SeeInvis .   P - +11 plutonium sword {Contam Stlth-}
rCold    + . .     Faith    .   (shield currently unavailable)
rNeg     . . .     Spirit   .   D - +0 fire dragon scales
rPois    .         Reflect  .   Y - +0 hat {Stlth+}
rElec    +         Harm     .   i - +0 cloak {rCorr}
rCorr    +         Rampage  .   U - +0 pair of gloves "Exzuxid" {+Blink rElec rC+ Dex+4}
Will     ++...                  c - +2 pair of boots of Old and Reckless {Will+}
Stlth    +.........             E - amulet "Lyejig" {rElec rF- rC++ Regen+ rCorr}
HPRegen  1.41/turn              N - +6 ring of dexterity
MPRegen  0.21/turn              l - ring of fire

@: paralysed
A: horns 2, retaliatory headbutt, deterioration 1
}: 1/15 runes: gossamer
a: Renounce Religion, Evoke Blink, Heroism, Finesse


You were on level 1 of the Depths.
You worshipped Okawaru.
Okawaru was exalted by your worship.
You visited 8 branches of the dungeon, and saw 34 of its levels.
You also visited: Ossuary.

You collected 2953 gold pieces.
You spent 1106 gold pieces at shops.

Inventory:

Hand Weapons
 a - a +2 demon whip of draining
 b - a +1 demon whip of electrocution
 q - a +0 morningstar of freezing
 C - a +2 eveningstar of protection
 P - the +11 plutonium sword (weapon) {Contam Stlth-}
   (You took it off a yaktaur on level 1 of the Vaults)

   It occasionally inflicts wild transmutation effects on those it strikes,
   inflicting malmutation or extra damage, or polymorphing them into a new form.
   Contam:    It causes magical contamination when unequipped.
   Stlth:     It makes you less stealthy.
Missiles
 d - 86 poisoned darts (quivered)
 h - 717 stones
 M - a throwing net
Armour
 c - the +2 pair of boots of Old and Reckless (worn) {Will+}
   (You bought it in a shop on level 2 of the Orcish Mines)

   Will:      It increases your willpower.
 i - a +0 cloak of preservation (worn)
 m - a +1 tower shield of protection
 D - +0 fire dragon scales (worn)
 J - a +4 plate armour of poison resistance
 U - the +0 pair of gloves "Exzuxid" (worn) {+Blink rElec rC+ Dex+4}
   (Okawaru gifted it to you on level 6 of the Lair of Beasts)

   Dex:       It affects your dexterity (+4).
   rC:        It protects you from cold.
   rElec:     It insulates you from electricity.
   +Blink:    It lets you blink.
 W - a +0 kite shield of reflection
 X - a +4 plate armour of cold resistance
 Y - a +0 hat of stealth (worn)
Jewellery
 l - a ring of fire (right hand)
 E - the amulet "Lyejig" (around neck) {rElec rF- rC++ Regen+ rCorr}
   (You took it off an ironbound beastmaster on level 3 of the Vaults)

   [amulet of regeneration]

   rF:        It makes you vulnerable to fire.
   rC:        It greatly protects you from cold.
   rElec:     It insulates you from electricity.
   Regen:     It increases your rate of health regeneration.
   rCorr:     It protects you from acid and corrosion.
 F - a ring of flight
 H - a +6 ring of strength
 N - a +6 ring of dexterity (left hand)
 R - a ring of see invisible
 T - a ring of positive energy
Wands
 B - a wand of iceblast (35)
 G - a wand of flame (104)
 I - a wand of acid (26)
 K - a wand of digging (4)
Scrolls
 e - 3 scrolls of blinking
 f - 6 scrolls of fog
 r - 5 scrolls of fear
 s - 4 scrolls of teleportation
 u - 2 scrolls of summoning
 v - 8 scrolls of enchant armour
 w - 17 scrolls of identify
 y - 2 scrolls of enchant weapon
 O - 2 scrolls of vulnerability
 V - 6 scrolls of noise
 Z - 3 scrolls of magic mapping
Potions
 g - 6 potions of heal wounds
 j - 13 potions of curing
 k - 4 potions of haste
 n - 2 potions of invisibility
 o - 3 potions of flight
 p - a potion of berserk rage
 t - 12 potions of mutation
 x - 7 potions of lignification
 z - a potion of cancellation
 A - 5 potions of might
 Q - a potion of resistance
 S - a potion of magic
Miscellaneous
 L - a tin of tremorstones (2/2)


   Skills:
 - Level 18.9 Fighting
 - Level 2.1(11.8) Short Blades
 + Level 18.5(18.6) Long Blades
 - Level 17.6 Maces & Flails
 - Level 2.0 Throwing
 - Level 16.0 Armour
 - Level 15.0 Dodging
 - Level 3.2 Stealth
 - Level 10.4 Shields
 - Level 13.5 Invocations
 - Level 6.0 Evocations


You had 19 spell levels left.
You didn't know any spells.
Your spell library contained the following spells:

 Spells                   Type           Power      Damage    Failure   Level
 Magic Dart               Conj           0%         1d3       67%         1
 Call Imp                 Summ           0%         N/A       82%         2
 Call Canine Familiar     Summ           0%         N/A       96%         3
 Dazzling Flash           Conj/Hex       0%         N/A       96%         3
 Gell's Gravitas          Tloc           0%         N/A       96%         3
 Inner Flame              Hex/Fire       0%         N/A       96%         3
 Mephitic Cloud           Conj/Pois/Air  0%         N/A       96%         3
 Portal Projectile        Hex/Tloc       0%         N/A       96%         3
 Teleport Other           Tloc           0%         N/A       96%         3
 Tukima's Dance           Hex            0%         N/A       96%         3
 Animate Dead             Necr           0%         N/A       100%        4
 Cause Fear               Hex            0%         N/A       100%        4
 Fulminant Prism          Conj/Hex       0%         3d6       100%        4
 Hailstorm                Conj/Ice       0%         3d3       100%        4
 Ice Form                 Ice/Tmut       0%         N/A       100%        4
 Iskenderun's Mystic Bla  Conj/Tloc      0%         2d3       100%        4
 Leda's Liquefaction      Hex/Erth       0%         N/A       100%        4
 Passage of Golubria      Tloc           N/A        N/A       100%        4
 Summon Ice Beast         Ice/Summ       0%         N/A       100%        4
 Agony                    Necr           0%         N/A       100%        5
 Bolt of Magma            Conj/Fire/Erth 0%         4d4       100%        5
 Freezing Cloud           Conj/Ice/Air   0%         6-21      100%        5
 Lee's Rapid Deconstruct  Erth           0%         3d5*      100%        5
 Metabolic Englaciation   Hex/Ice        0%         N/A       100%        5
 Silence                  Hex/Air        0%         N/A       100%        5
 Yara's Violent Unravell  Hex/Tmut       0%         3d3       100%        5
 Conjure Ball Lightning   Conj/Air       0%         3x3d6     100%        6
 Dispersal                Tloc           0%         N/A       100%        6
 Simulacrum               Ice/Necr       0%         N/A       100%        6
 Statue Form              Tmut/Erth      0%         N/A       100%        6
 Haunt                    Necr/Summ      0%         N/A       100%        7
 Discord                  Hex            0%         N/A       100%        8
 Disjunction              Tloc           0%         N/A       100%        8
 Infestation              Necr           0%         N/A       100%        8


Dungeon Overview and Level Annotations

Branches:
Dungeon (15/15)            Temple (1/1) D:4            Lair (6/6) D:8
 Shoals (0/4) Lair:4       Spider (4/4) Lair:4        Slime (0/5) Lair:5
    Orc (2/2) D:9             Elf (1/3) Orc:2        Vaults (4/5) D:13
  Crypt (0/3) Vaults:2     Depths (1/5) D:15        Ossuary (visited)

Altars:
Ashenzari
Cheibriados
Dithmenos
Elyvilon
Fedhas
Gozag
Hepliaklqana
Kikubaaqudgha
Makhleb
Nemelex Xobeh
Okawaru
Qazlal
Ru
Sif Muna
Trog
Uskayaw
Vehumet
Wu Jian
Xom
Yredelemnul
Zin
The Shining One

Shops:
D:1 :   D:14 :   Orc:2 :(?[   Vaults:4 :?(?

Portals:
Hell: Depths:1
Trove: D:11 (give 19 potions of curing)

Annotations:
D:10 2 transporters, YannSP's ghost, journeyman MiBe
Lair:2 exclusion: 3 oklob plants
Lair:6 exclusion: oklob plant
Spider:4 Roxanne


Innate Abilities, Weirdness & Mutations

You have a pair of horns on your head.
You reflexively headbutt those who attack you in melee.
Your body sometimes deteriorates upon taking damage.


Message History

The vampire knight is moderately damaged.
The vampire knight closely misses you. You furiously retaliate!
You headbutt the vampire knight, but do no damage.
The vampire knight bites you.
The vampire knight draws strength from your injuries!
The phantasmal warrior blinks!
You hit the vampire knight but do no damage.
Your headbutt misses the vampire knight.
The vampire knight is moderately damaged.
The vampire knight gestures wildly while chanting.
The vampire knight flickers and vanishes!
Deactivating autopickup; reactivate with Ctrl-A.
The phantasmal warrior hits you but does no damage.
You slash something! You headbutt something!
Something hits you but does no damage. Something bites you but does no damage.
The phantasmal warrior hits you!!
You slice something!! You headbutt something.
You hear some strange, mumbled words.
You suddenly lose the ability to move!
The phantasmal warrior hits you!
You hear some strange, mumbled words.
The phantasmal warrior hits you but does no damage.
Something draws life force from you! The phantasmal warrior hits you!
Something hits you! Something bites you but does no damage. Something hits you!
Something bites you but does no damage. The phantasmal warrior hits you!!
* * * LOW HITPOINT WARNING * * *
Something hits you!!
* * * LOW HITPOINT WARNING * * *
Something bites you.
* * * LOW HITPOINT WARNING * * *
Something draws strength from your injuries!
The phantasmal warrior hits you but does no damage.
Something hits you but does no damage. Something bites you but does no damage.
Something hits you.
* * * LOW HITPOINT WARNING * * *
Something bites you.
* * * LOW HITPOINT WARNING * * *
Something draws strength from your injuries!
The phantasmal warrior hits you!
You die...

############### # #
#### # #♣♣≈≈♣# #
###.≈.≈≈## #
#..♣.P...# #
#........# ##
######........####.
#.@{............)..
#W###############.#
#.# ... #..
#.########W# #..
#....V.#... #.#
###.####W#.# #..
#...# #...# #..
#.### ##........
#.# #. .V.......


You could see a phantasmal warrior.

Vanquished Creatures
  Arachne (Spider:3)
  Jory (Vaults:2)
  Asterion (Spider:4)
  A sphinx (Vaults:3)
  A fire giant (Vaults:3)
  Donald (Spider:4)
  A fenstrider witch (Vaults:3)
  15 vault wardens
  10 emperor scorpions
  3 ghost moths (Spider:4)
  2 frost giants (Depths:1)
  2 orc warlords
  18 ironbound preservers
  6 stone giants
  6 very ugly things
  A black draconian (Vaults:3)
  2 dire elephants
  3 entropy weavers
  2 deep elf demonologists
  2 fire dragons (Depths:1)
  An ettin (Depths:1)
  9 ironbound thunderhulks
  11 yaktaur captains
  4 great orbs of eyes
  11 vault guards
  Josephine (D:13)
  A rakshasa (Depths:1)
  A deep elf high priest (Vaults:1)
  10 boulder beetles
  2 ice dragons
  An ogre mage (Orc:1)
  11 hydras
  A peacekeeper (Vaults:3)
  A satyr (shapeshifter) (Vaults:3)
  9 ironbound frosthearts
  6 centaur warriors
  A dancing weapon (Orc:2)
  A death knight (D:11)
  A catoblepas (Lair:6)
  7 two-headed ogres
  12 death yaks
  A deep troll earth mage (Depths:1)
  A deep troll shaman (Depths:1)
  6 tengu warriors
  2 orc high priests
  5 ironbound beastmasters
  Nergalle (Orc:2)
  8 skeletal warriors
  63 deep trolls
  A flayed ghost (D:15)
  14 ironbound convokers
  4 wizards
  4 phantasmal warriors
  2 deep elf pyromancers
  12 orc knights
  6 lindwurms
  15 orb spiders
  26 wolf spiders
  7 cyclopes
  A manticore (shapeshifter) (D:15)
  41 ugly things
  10 orc sorcerers
  2 necromancers
  2 moths of wrath
  3 manticores
  15 vault sentinels
  18 elephants
  Maurice (D:13)
  Joseph (D:7)
  8 black mambas
  A torpor snail (Spider:1)
  5 rime drakes
  15 cane toads
  9 demonic crawlers
  10 komodo dragons
  An efreet (D:14)
  4 freezing wraiths
  38 yaktaurs
  3 tengu conjurers (D:14)
  2 queen bees
  12 trolls
  7 polar bears
  20 blink frogs
  29 jumping spiders
  A meliai (shapeshifter) (D:10)
  A meliai zombie (D:10)
  9 hornets
  22 slime creatures
  16 dream sheep
  A raiju (shapeshifter) (D:13)
  A centaur simulacrum (D:15)
  56 redbacks
  A spriggan (shapeshifter) (D:15)
  13 spriggans (Lair:6)
  7 basilisks
  2 shadows
  22 tarantellas
  4 wraiths
  4 wyverns
  35 yaks
  A steam dragon (D:6)
  2 wargs
  7 vampire mosquitoes
  2 acid dragons
  15 water moccasins
  An ice beast (D:6)
  2 meliai simulacra
  37 orc warriors
  2 sky beasts
  A hornet zombie (D:15)
  4 black bears
  9 boggarts
  8 ogres
  A necrophage (D:6)
  34 wolves
  25 centaurs
  3 kobold brigands (D:9)
  9 bullfrogs
  4 gnoll sergeants
  A scorpion (shapeshifter) (Vaults:3)
  15 scorpions
  A water moccasin skeleton (D:6)
  19 wights
  45 killer bees
  An electric eel (Spider:4)
  5 centaur zombies
  2 hounds (D:6)
  5 human zombies (Ossuary)
  25 orc priests
  4 jellies
  3 centaur skeletons
  Jessica (D:3)
  Natasha (thrice) (D:3)
  3 iguanas
  39 orc wizards
  3 scorpion zombies (Ossuary)
  A hound skeleton (D:4)
  3 mummies (Ossuary)
  7 adders
  15 gnolls
  2 shadow imps (D:7)
  A white imp (D:5)
  2 adder skeletons
  2 dart slugs
  74 orcs
  5 ball pythons
  7 endoplasms
  4 giant cockroaches
  6 goblins
  7 hobgoblins
  5 quokkas
  A bat (D:2)
  3 frilled lizards (D:1)
  2 gnoll zombies (Ossuary)
  A goblin zombie (Ossuary)
  2 hobgoblin zombies (Ossuary)
  18 kobolds
  A kobold zombie (Ossuary)
  4 orc zombies (Ossuary)
  4 rats
1331 creatures vanquished.

Vanquished Creatures (others)
  2 wizards
  2 orcs (Orc:2)
  A bush (Lair:6)
  58 fungi
  71 plants
  4 toadstools (D:8)
138 creatures vanquished.

Grand Total: 1469 creatures vanquished

Notes
Turn   | Place    | Note
-------+----------+-------------------------------------------
     0 | D:1      | toffzen the Minotaur Brigand began the quest for the Orb.
     0 | D:1      | Reached XP level 1. HP: 18/18 MP: 0/0
   105 | D:1      | Found Ishrosote's Book Shop.
   359 | D:1      | Reached skill level 1 in Armour
   359 | D:1      | Reached XP level 2. HP: 25/25 MP: 1/1
   916 | D:2      | Noticed a phantom
  1001 | D:2      | Reached XP level 3. HP: 19/31 MP: 2/2
  1649 | D:3      | Noticed Natasha
  1680 | D:3      | Killed Natasha
  1681 | D:3      | Reached skill level 1 in Maces & Flails
  1681 | D:3      | Reached XP level 4. HP: 37/40 MP: 3/3
  1929 | D:3      | Noticed Jessica
  2013 | D:3      | Noticed a scorpion
  2018 | D:3      | Killed a scorpion
  2019 | D:3      | Reached XP level 5. HP: 46/46 MP: 4/4
  2131 | D:3      | Noticed Natasha
  2140 | D:3      | Killed Natasha
  2439 | D:3      | Killed Jessica
  2440 | D:3      | Reached XP level 6. HP: 51/53 MP: 5/5
  2656 | D:3      | Noticed Natasha
  2665 | D:3      | Killed Natasha
  3500 | D:4      | Found a staircase to the Ecumenical Temple.
  3505 | Temple   | Entered the Ecumenical Temple
  3604 | Temple   | Became a worshipper of Warmaster Okawaru
  3704 | D:5      | Entered Level 5 of the Dungeon
  3704 | D:5      | Found a sand-covered staircase.
  3727 | Ossuary  | Entered an ossuary
  3784 | Ossuary  | Reached skill level 1 in Invocations
  3784 | Ossuary  | Reached XP level 7. HP: 38/60 MP: 6/6
  3792 | Ossuary  | Reached skill level 5 in Fighting
  3952 | Ossuary  | Reached skill level 5 in Maces & Flails
  4083 | Ossuary  | Reached * piety under Okawaru
  4363 | Ossuary  | Reached XP level 8. HP: 63/69 MP: 8/8
  4426 | Ossuary  | Reached skill level 5 in Armour
  4432 | Ossuary  | Reached ** piety under Okawaru
  4626 | Ossuary  | Reached skill level 5 in Dodging
  5379 | D:5      | Found a hazy altar of Hepliaklqana.
  6377 | D:6      | Reached XP level 9. HP: 63/77 MP: 7/10
  6873 | D:7      | Noticed Joseph
  8085 | D:7      | Killed Joseph
  8085 | D:7      | Reached *** piety under Okawaru
  8767 | D:7      | Upgraded the game from 0.27.1-3-gb3d3a73c9e to
                  | 0.27.1-4-g1640c2035a
  8944 | D:8      | Noticed an elephant
  8966 | D:8      | Killed an elephant
  8967 | D:8      | Reached XP level 10. HP: 50/88 MP: 10/12
  9150 | D:8      | Reached skill level 5 in Invocations
  9157 | D:8      | Found a staircase to the Lair.
  9281 | D:8      | Reached skill level 10 in Maces & Flails
 10054 | Lair:1   | Entered Level 1 of the Lair of Beasts
 10054 | Lair:1   | Noticed a black mamba
 10069 | Lair:1   | Killed a black mamba
 10486 | D:9      | Reached **** piety under Okawaru
 11093 | D:9      | Paralysed by a hornet for 1 turns
 11329 | D:9      | Found a staircase to the Orcish Mines.
 11782 | D:9      | Reached XP level 11. HP: 95/95 MP: 14/14
 12314 | D:10     | Entered Level 10 of the Dungeon
 12334 | D:10     | Noticed a two-headed ogre
 12338 | D:10     | Killed a two-headed ogre
 12339 | D:10     | Reached skill level 1 in Shields
 12486 | D:10     | Received a gift from Okawaru
 12717 | D:10     | Reached ***** piety under Okawaru
 12957 | D:10     | Noticed YannSP's ghost (journeyman MiBe)
 12962 | D:10     | Noticed a two-headed ogre
 12986 | D:10     | Found a transporter.
 12989 | D:10     | Found a transporter.
 13148 | D:10     | Noticed an eight-headed hydra
 13161 | D:10     | Killed an eight-headed hydra
 13617 | D:10     | Noticed a death knight
 13973 | Lair:1   | Noticed a seven-headed hydra
 13981 | Lair:1   | Killed a seven-headed hydra
 13982 | Lair:1   | Received a gift from Okawaru
 14234 | Lair:1   | Identified the +7 trident of Leacac {drain, Str+6}
 14860 | Lair:2   | Reached XP level 12. HP: 105/106 MP: 13/16
 14872 | Lair:2   | Reached skill level 10 in Fighting
 15016 | Lair:2   | Reached skill level 10 in Armour
 15021 | Lair:2   | Reached skill level 5 in Shields
 15328 | Lair:2   | Received a gift from Okawaru
 15435 | Lair:2   | Noticed a five-headed hydra
 15451 | Lair:2   | Killed a five-headed hydra
 15708 | Lair:2   | Reached ****** piety under Okawaru
 16227 | Lair:3   | Received a gift from Okawaru
 16243 | Lair:3   | Reached skill level 10 in Dodging
 16485 | Lair:3   | Reached XP level 13. HP: 115/115 MP: 18/18
 17487 | Lair:4   | Found a staircase to the Shoals.
 17621 | Lair:4   | Found a hole to the Spider Nest.
 17831 | Lair:4   | Identified the +1 robe "Upuerren" {rN+ Will+ Stlth+}
                  | (Okawaru gifted it to you on level 4 of the Lair of Beasts)
 17831 | Lair:4   | Received a gift from Okawaru
 18787 | Lair:5   | Reached skill level 15 in Maces & Flails
 18971 | Lair:5   | Found a staircase to the Slime Pits.
 19290 | Lair:6   | Entered Level 6 of the Lair of Beasts
 19437 | Lair:5   | Received a gift from Okawaru
 19637 | Lair:5   | You fall into a shaft and drop 1 floor!
 19674 | Lair:6   | Reached XP level 14. HP: 125/125 MP: 20/20
 20433 | Lair:6   | Identified the +0 pair of gloves "Exzuxid" {+Blink rElec
                  | rC+ Dex+4} (Okawaru gifted it to you on level 6 of the Lair
                  | of Beasts)
 20433 | Lair:6   | Received a gift from Okawaru
 21694 | Lair:6   | Reached skill level 10 in Invocations
 22711 | D:11     | Found a portal to a secret trove of treasure.
 22904 | D:11     | Received a gift from Okawaru
 23453 | D:11     | Found a bloodstained altar of Trog.
 23875 | D:12     | Reached XP level 15. HP: 103/134 MP: 21/21
 25235 | D:13     | Noticed Josephine
 25235 | D:13     | Noticed Maurice
 25240 | D:13     | Killed Maurice
 25247 | D:13     | Killed Josephine
 25528 | D:13     | Found a gate to the Vaults.
 25593 | D:13     | Reached skill level 10 in Shields
 26001 | D:14     | Found Erchin's Book Boutique.
 26347 | D:14     | Identified the +12 spear of Fortitude {speed, *Slow rN+
                  | Stlth+}
 26495 | D:15     | Entered Level 15 of the Dungeon
 27316 | D:14     | Received a gift from Okawaru
 28996 | D:15     | Got the Compendium of Snow
 29594 | D:15     | Reached XP level 16. HP: 132/147 MP: 23/23
 29698 | D:15     | Received a gift from Okawaru
 29732 | D:15     | Found a staircase to the Depths.
 30147 | Orc:1    | Entered Level 1 of the Orcish Mines
 30894 | Orc:2    | Entered Level 2 of the Orcish Mines
 31069 | Orc:1    | Noticed Nergalle
 31168 | Orc:2    | Reached skill level 15 in Fighting
 31279 | Orc:2    | Killed Nergalle
 32201 | Orc:2    | Identified the +3 shortbow of Xulel {freeze, rC- Dex+6}
                  | (Okawaru gifted it to you on level 2 of the Orcish Mines)
 32201 | Orc:2    | Received a gift from Okawaru
 32455 | Orc:2    | Found a staircase to the Elven Halls.
 32753 | Orc:2    | Found Bylisix's Antique Armour Boutique.
 32753 | Orc:2    | Found Tahecis's Magic Scroll Boutique.
 32757 | Orc:2    | Found Unuokiuss's Book Shop.
 32759 | Orc:2    | Found Zuextecs's Weapon Shop.
 32761 | Orc:2    | Bought a pair of ichor-stained boots for 275 gold pieces
 32761 | Orc:2    | Identified the +2 pair of boots of Old and Reckless {Will+}
                  | (You bought it in a shop on level 2 of the Orcish Mines)
 32782 | Orc:2    | Bought 3 scrolls of magic mapping for 126 gold pieces
 33439 | Spider:1 | Entered Level 1 of the Spider Nest
 34078 | Spider:1 | Received a gift from Okawaru
 36236 | Spider:3 | Received a gift from Okawaru
 36282 | Spider:3 | Noticed Arachne
 36303 | Spider:3 | Killed Arachne
 36427 | Spider:3 | Reached XP level 17. HP: 159/159 MP: 25/25
 36852 | Spider:4 | Entered Level 4 of the Spider Nest
 37795 | Spider:4 | Noticed Donald
 37822 | Spider:4 | Killed Donald
 38075 | Spider:4 | Noticed Roxanne
 38107 | Spider:4 | Reached skill level 15 in Armour
 38927 | Spider:4 | Noticed Asterion
 38954 | Spider:4 | Killed Asterion
 39125 | Spider:4 | Received a gift from Okawaru
 39628 | Spider:4 | Got a gossamer rune of Zot
 40081 | Elf:1    | Entered Level 1 of the Elven Halls
 40082 | Elf:1    | Paralysed by an air elemental for 1 turns
 40373 | Vaults:1 | Entered Level 1 of the Vaults
 40632 | Vaults:1 | Received a gift from Okawaru
 41125 | Vaults:1 | Reached XP level 18. HP: 87/172 MP: 26/26
 41658 | Vaults:1 | You fall into a shaft and drop 1 floor!
 41750 | Vaults:2 | Received a gift from Okawaru
 42028 | Vaults:1 | Received a gift from Okawaru
 42368 | Vaults:1 | Reached skill level 15 in Dodging
 42977 | Vaults:1 | Reached skill level 1 in Long Blades
 43545 | Vaults:1 | Reached skill level 5 in Long Blades
 43851 | Vaults:1 | Received a gift from Okawaru
 44764 | Vaults:2 | You fall into a shaft and drop 1 floor!
 44819 | Vaults:2 | Found a staircase to the Crypt.
 44819 | Vaults:2 | Found a basalt altar of Yredelemnul.
 44832 | Vaults:2 | Found an ancient bone altar of Kikubaaqudgha.
 45323 | Vaults:2 | Received a gift from Okawaru
 45324 | Vaults:2 | Reached skill level 10 in Long Blades
 45647 | Vaults:3 | Received a gift from Okawaru
 46239 | Vaults:2 | Reached XP level 19. HP: 177/181 MP: 28/28
 46275 | Vaults:2 | Noticed Jory
 46295 | Vaults:2 | Killed Jory
 47289 | Vaults:3 | Identified the +5 quick blade "Dragon's Nightmare" {spect,
                  | +Rage rN+} (Okawaru gifted it to you on level 3 of the
                  | Vaults)
 47289 | Vaults:3 | Received a gift from Okawaru
 49146 | Vaults:3 | Identified the amulet "Lyejig" {rElec rF- rC++ Regen+
                  | rCorr}
 49734 | Vaults:3 | Reached skill level 15 in Long Blades
 49740 | Vaults:3 | Reached skill level 1 in Evocations
 50165 | Vaults:3 | Gained mutation: Your body sometimes deteriorates upon
                  | taking damage. [a neqoxec]
 50171 | Vaults:3 | Received a gift from Okawaru
 50775 | Vaults:4 | Found Sis Veli's Antique Weapon Boutique.
 50928 | Vaults:4 | Found Yblakec's Magic Scroll Shoppe.
 50933 | Vaults:4 | Bought a scroll of teleportation for 63 gold pieces
 50933 | Vaults:4 | Bought a scroll of blinking for 157 gold pieces
 50933 | Vaults:4 | Bought a scroll of enchant armour for 157 gold pieces
 50933 | Vaults:4 | Bought a scroll of enchant armour for 157 gold pieces
 51038 | Vaults:3 | Reached skill level 5 in Evocations
 51142 | Vaults:3 | Reached XP level 20. HP: 189/189 MP: 29/29
 52212 | Vaults:4 | Found Yrchec's Magic Scroll Shoppe.
 52220 | Vaults:4 | Bought a scroll of blinking for 135 gold pieces
 52220 | Vaults:4 | Bought a scroll of fog for 36 gold pieces
 52409 | Vaults:4 | Found Jeebeuni's Book Emporium.
 52930 | Depths:1 | Entered Level 1 of the Depths
 52997 | Depths:1 | Identified the +12 scimitar of Spores {protect, Drain +Rage
                  | Int+3 Stlth+} (Okawaru gifted it to you on level 1 of the
                  | Depths)
 52997 | Depths:1 | Received a gift from Okawaru
 53885 | Depths:1 | Found a gateway to Hell.
 54003 | Depths:1 | Paralysed by something for 7 turns
 54008 | Depths:1 | Slain by a phantasmal warrior

Illustrated notes

Levels and vault maps discovered:
D:1:      shiori_arrival_elements, layout_basic, serial_shops,
          nicolae_shop_temple_entry_statues_fountains
D:2:      layout_rooms, hellmonk_ecumenical_altar_crossroads, uniq_terence
D:3:      layout_loops_corners, kennysheep_jessica_study, uniq_natasha
D:4:      layout_loops_ring, minmay_temple_entry_nine_rooms
D:5:      layout_cave_pools, nicolae_hepliaklqana_hippocampus,
          lightli_ossuary_entry_decrepit_ruins, serial_bayou_lake_a
D:6:      layout_loops_corners, kennysheep_windowed_goal
D:7:      layout_rooms, uniq_joseph
D:8:      layout_basic, david_lair_generic, serial_bayou_pond_c,
          minmay_misc_feat_roman, minmay_gold_behind_fungi
D:9:      layout_stronghold, kennysheep_orc_monster_closet_entryway,
          grunt_decor_one_mirror, nicolae_underground_beach
D:10:     layout_roguey, nzn_ghost_randoct, wad_rectangle_vault
D:11:     layout_roguey, enter_trove_2, trog_butcher_becter
D:12:     layout_loops_ring
D:13:     layout_cave_pods, david_vaults_4, uniq_josephine, uniq_maurice
D:14:     layout_roguey, serial_shops, nicolae_shop_waterfront, st_stairs_7,
          minmay_misc_feat_rugged, grunt_ministairs_5
D:15:     grunt_enter_depths_magical_seal, layout_basic, minivault_25,
          minivault_28
Temple:   compressed_dpeg_circular_temple
Lair:1:   layout_long_grid
Lair:2:   hangedman_what_comes_after_a, layout_chaotic_city,
          serial_bayou_crossing
Lair:3:   layout_cellular_growth, grunt_megastairs_4
Lair:4:   layout_loops_ring, elwin_shoals_entry_rocks, dummy_spider_entry
Lair:5:   layout_loops_ring, minmay_slime_entry_pillars, lemuel_fruit_fields
Lair:6:   minmay_lair_end_enchanted_forest, layout_loops_ring,
          nzn_sisyphean_effort
Spider:1: layout_spider_delve
Spider:2: layout_spider_delve
Spider:3: layout_spider_delve, uniq_arachne
Spider:4: grunt_spider_rune_circles, uniq_asterion, uniq_donald, uniq_roxanne
Orc:1:    layout_caves, uniq_nergalle
Orc:2:    st_orc_mages, layout_caves
Elf:1:    elf_arrival_002, layout_geoelf_diagonals, minivault_28
Vaults:1: v_alt_pattern_2, v_misc_26, v_misc_31, hangedman_vaults_snaps,
          ontoclasm_vaults_gallery, nicolae_vaults_big_ls,
          ontoclasm_vaults_chip, ontoclasm_vaults_decontamination,
          layout_vaults_chaotic_city
Vaults:2: ontoclasm_vaults_tryst, ontoclasm_vaults_ring_large,
          minmay_crypt_entry_necro_gods, special_room_vaults [special_room_orc],
          nicolae_vaults_border_crossing, hangedman_vaults_stream,
          hangedman_vaults_maws, nicolae_vaults_theta, v_misc_27,
          vaults_dpeg_hooks, v_misc_5, vaults_room_pool,
          layout_vaults_omnicross, uniq_jory
Vaults:3: vaults_room_semicircle, vaults_mumra_minichess_inversion, v_misc_27,
          hangedman_vaults_capsules, st_star, layout_vaults_omnigrid
Vaults:4: ontoclasm_vaults_eye, vaults_room_pools, ontoclasm_vaults_ring_small,
          nicolae_vaults_stairing_the_circle, v_pattern_1,
          nicolae_vaults_network_s, v_misc_9, v_rooms_4, nicolae_vaults_theta,
          nicolae_vaults_theta, nicolae_vaults_little_squares_1,
          layout_vaults_maze, portal_desolation_entry_nicolae_slug,
          serial_shops, shop, shop, shop, shop
Depths:1: minmay_the_grid_3x2 [minmay_the_grid_tiny_cups, minmay_the_grid_eight,
          minmay_the_grid_stretched_grid, minmay_the_grid_airy,
          minmay_the_grid_diamond_grid, minmay_the_grid_prize_diamond_cup],
          layout_basic, enter_ziggurat_f, gammafunk_ghost_icy,
          serial_bayou_pond_e, rand_demon_pan_entry_3, hell_entry

Skill      XL: |  1  2  3  4  5  6  7  8  9 10 11 12 13 14 15 16 17 18 19 20 |
---------------+-------------------------------------------------------------+-----
Armour         | 1 2 3 4 5 7 8 9 10 11 12 13 14 15 16 | 16.0
Fighting       | 3 4 5 6 7 8 9 10 11 12 14 16 18 | 18.9
Dodging        | 2 3 4 5 6 7 9 10 11 12 13 14 15 | 15.0
Maces & Flails | 1 2 3 4 5 7 9 11 12 14 15 16 17 | 17.6
Invocations    | 1 2 3 4 6 7 8 9 10 11 12 13 | 13.5
Shields        | 4 6 8 9 10 | 10.4
Long Blades    | 11 16 18 | 18.5
Evocations     | 5 6 |  6.0
Short Blades   | |  2.1
Throwing       | |  2.0
Stealth        | |  3.2

Action                   |  1- 3 |  4- 6 |  7- 9 | 10-12 | 13-15 | 16-18 | 19-21 || total
-------------------------+-------+-------+-------+-------+-------+-------+-------++-------
Melee: Dagger            |    72 |   100 |   258 |       |       |       |       ||   430
       Headbutt          |    11 |    20 |    71 |   164 |   457 |   720 |   273 ||  1716
       Punch             |       |       |     4 |     4 |       |       |       ||     8
       Flail             |       |       |   105 |   161 |       |       |       ||   266
       Morningstar       |       |       |       |   424 |       |       |       ||   424
       Eveningstar       |       |       |       |   119 |  1103 |   460 |       ||  1682
       Demon whip        |       |       |       |       |       |  1365 |    43 ||  1408
       Triple sword      |       |       |       |       |       |       |   615 ||   615
Invok: Heroism           |       |       |    12 |    19 |    23 |    21 |    11 ||    86
       Finesse           |       |       |       |       |       |     5 |     1 ||     6
Evoke: Wand              |       |       |       |     1 |     7 |       |       ||     8
  Use: Scroll            |       |     5 |    13 |     4 |    11 |     5 |       ||    38
       Potion            |       |     2 |       |     5 |     4 |     2 |       ||    13
 Stab: Sleeping          |     4 |       |       |       |       |       |       ||     4
       Distracted        |       |       |       |       |       |     1 |       ||     1
Armor: Robe              |    11 |       |       |       |       |       |       ||    11
       Scale mail        |    10 |    26 |   102 |       |       |       |       ||   138
       Chain mail        |       |       |    32 |   183 |       |       |       ||   215
       Plate armour      |       |       |       |   136 |   417 |   553 |   309 ||  1415
       Fire dragon scale |       |       |       |       |       |       |    23 ||    23
Dodge: Dodged            |    45 |    40 |   152 |   376 |   553 |   810 |   563 ||  2539
Block: Buckler           |       |       |       |   122 |   337 |   378 |       ||   837
       Kite shield       |       |       |       |       |       |   387 |     8 ||   395
       Reflection        |       |       |       |       |       |    13 |       ||    13
       Rpst.: Triple sword |       |       |       |       |       |       |    88 ||    88
